 Dungeon Crawl Stone Soup version 0.32-a0-893-gf85d74f360 (webtiles) character file.

Game seed: 17584645953685954112

690 warriortoast the Sneak (level 7, -4/46 HPs)
             Began as an Octopode Shapeshifter on Apr 3, 2024.
             Was an Initiate of Wu Jian.
             Slain by a water moccasin (7 damage)
             ... on level 5 of the Dungeon.
             The game lasted 00:18:26 (4871 turns).

warriortoast the Sneak (Octopode Shapeshifter)      Turns: 4871, Time: 00:18:28

Health: -4/46      AC:  1    Str: 15    XL:     7   Next: 63%
Magic:  16/16      EV: 12    Int: 12    God:    Wu Jian [......]
Gold:   714        SH:  0    Dex: 18    Spells: 6/6 levels left

rFire   + .          .
                       - Unarmed
rCold   . . .        (no shield)
rNeg    + . .        (helmet currently unavailable)
rPois   .            (no amulet)
rElec   .            n - ring of positive energy
rCorr   .            u - ring of wizardry
SInv    .            m - +6 ring of dexterity
Will    .....        w - ring of protection from fire
Stlth   ++++         v - ring of magical power
HPRegen 0.27/turn    (no ring)
MPRegen 0.15/turn    (no ring)
                     (no ring)

%: wizardry (x1)
@: about to teleport, beast-form
A: beast (slay +2), almost no armour, amphibious, 8 rings, camouflage 1,
gelatinous body 1, (nimble swimmer 1), tentacles
a: Begin Untransformation, Renounce Religion


You were on level 5 of the Dungeon.
You worshipped Wu Jian.
Wu Jian was noncommittal.
You were a hulking beast.
You visited 2 branches of the dungeon, and saw 7 of its levels.

You collected 1106 gold pieces.
You spent 392 gold pieces at shops.

Inventory:

Hand Weapons
 x - the +1 long sword "Killer Klown's Doom" {heavy, rC++ Dex+3}
   (You found it on level 3 of the Dungeon)

   Dex+3:     It affects your dexterity (+3).
   rC++:      It greatly protects you from cold.
 y - the +10 quarterstaff of the Vanishing Nights {drain, Fly rPois rC- Will+}
   (You found it on level 3 of the Dungeon)

   rC-:       It makes you vulnerable to cold.
   rPois:     It protects you from poison.
   Will+:     It increases your willpower.
   Fly:       It grants you flight.
Missiles
 i - 2 atropa-tipped darts
 o - 11 poisoned darts (quivered)
Jewellery
 m - a +6 ring of dexterity (on tentacle)
 n - a ring of positive energy (left tentacle)
 u - a ring of wizardry (right tentacle)
 v - a ring of magical power (on tentacle)
 w - a ring of protection from fire (on tentacle)
Talismans
 b - a beast talisman (active)
 c - a flux talisman
Wands
 C - a wand of flame (16)
Scrolls
 d - a scroll of vulnerability {unknown}
 g - 2 scrolls of immolation
 h - a scroll of noise
 l - 7 scrolls of teleportation
 p - a scroll of blinking
 q - 2 scrolls of poison
 t - 2 scrolls of torment
 z - a scroll of silence
 A - a scroll of revelation
Potions
 a - a potion of lignification
 e - 2 potions of heal wounds
 f - a potion of might
 j - a potion of degeneration
 k - a potion of enlightenment
 r - a potion of haste
 s - a potion of attraction
 B - a potion of brilliance {unknown}
 D - a potion of mutation {unknown}


   Skills:
 + Level 3.3 Fighting
 + Level 3.6 Throwing
 - Level 2.0 Dodging
 - Level 5.4 Stealth
 + Level 4.5 Unarmed Combat
 + Level 4.2 Shapeshifting


You had 6 spell levels left.
You didn't know any spells.
Your spell library was empty.

Dungeon Overview and Level Annotations

Branches:
Dungeon (6/15)             Temple (1/1) D:5

Altars:
Ashenzari
Cheibriados
Fedhas
Hepliaklqana
Kikubaaqudgha
Nemelex Xobeh
Okawaru
Sif Muna
Trog
Uskayaw
Vehumet
Wu Jian
Xom
Yredelemnul

Shops:
D:1 *   D:2 ?


Innate Abilities, Weirdness & Mutations

You are a hulking beast.
Your limbs bulge with bestial killing power. (Slay +2)
You cannot wear most types of armour.
You are amphibious.
You can wear up to eight rings at the same time.
Your skin changes colour to match your surroundings (Stealth+).
Your rubbery body absorbs attacks. (AC +1, EV +1)
((You are camouflaged when in or above water. (Stealth+)))
You have tentacles for arms and can constrict up to eight enemies at once.


Message History

A water moccasin comes into view.
You throw a poisoned dart.
The poisoned dart barely misses the water moccasin.
You throw a poisoned dart.
The poisoned dart hits the water moccasin.
A water moccasin comes into view.
The water moccasin bites you.
The water moccasin attacks as it pursues you!
The water moccasin barely misses you.
The water moccasin attacks as it pursues you!
The water moccasin closely misses you. The water moccasin bites you.
The water moccasin attacks as it pursues you!
The water moccasin bites you!
You are poisoned.
The water moccasin poisons you!
You feel very sick.
You feel sick.
The water moccasin attacks as it pursues you!
The water moccasin bites you.
There is a stone staircase leading up here.
You feel sick.
You climb upwards.
You feel sick.
There is a stone staircase leading down here.
You completely miss the water moccasin. Your grab misses the water moccasin.
Your squeeze misses the water moccasin.
You feel sick. The water moccasin bites you. The water moccasin bites you!
* * * LOW HITPOINT WARNING * * *
Okay, then.
As you read the scroll of teleportation, it crumbles to dust.
You feel strangely unstable.
You feel sick. The water moccasin misses you.
You feel sick.
The water moccasin attacks as it pursues you!
The water moccasin misses you.
You feel sick.
You are no longer poisoned.
The water moccasin attacks as it pursues you!
The water moccasin bites you.
* * * LOW HITPOINT WARNING * * *
The water moccasin bites you!
You die...

#.# #####)............... #.#
#..........#......... # #.#
#.......##..###.....# ### #.#
#.......###.####.#..# ..♣ #.##
##..##.## #.......... ♣♣♣
#<.####.###.######........ ♣
##.#..........# ##....... ###
###............# #....... .P##
♣.........h....# ##...#.. )..##
♣♣..#.....S....#####.÷###..
♣)).## ####.....>.<..)[[...## ##.
.♣)♣.#####...........###..######.
#♣..♣♣.#.....).................÷)
#.♣..P#.##..........##.........#
###♣.♣...##.....................#
..###.♣...####..................#
....###.....##.....)............#


You could see a water moccasin.

Vanquished Creatures
  A phantom (D:4)
  Blork the orc (D:5)
  A kobold brigand (D:5)
  2 scorpions (D:4)
  A bombardier beetle (D:5)
  3 orc priests (D:5)
  2 orc wizards (D:5)
  A gnoll (D:1)
  6 adders
  A white imp (D:5)
  3 dart slugs
  14 orcs
  7 ball pythons
  9 endoplasms
  6 giant cockroaches
  9 hobgoblins
  3 jackals (D:3)
  3 quokkas (D:1)
  2 bats (D:3)
  3 frilled lizards
  11 goblins
  24 kobolds
  4 rats
117 creatures vanquished.

Notes
Turn   | Place    | Note
-------+----------+-------------------------------------------
     0 | D:1      | warriortoast the Octopode Shapeshifter began the quest for
                  | the Orb.
     0 | D:1      | Reached XP level 1. HP: 13/13 MP: 1/1
    26 | D:1      | Reached skill level 1 in Stealth
    30 | D:1      | Reached skill level 2 in Stealth
    32 | D:1      | Reached XP level 2. HP: 13/18 MP: 2/2
   166 | D:1      | Reached skill level 3 in Stealth
   346 | D:1      | Reached skill level 4 in Stealth
   346 | D:1      | Reached XP level 3. HP: 6/23 MP: 3/3
   675 | D:1      | Found Wybliwk's Assorted Antiques.
   886 | D:2      | Found Soam's Magic Scroll Shop.
   951 | D:1      | Bought a scroll labelled BAGETW UNWAW for 22 gold pieces
  1325 | D:3      | Found a faded altar of an unknown god.
  1418 | D:1      | Bought a sapphire potion for 19 gold pieces
  1418 | D:1      | Bought a scroll labelled PARRUG FIGUI for 22 gold pieces
  1418 | D:1      | Bought a cyan potion for 19 gold pieces
  1418 | D:1      | Bought a scroll labelled UTULAME ROXZA for 22 gold pieces
  1614 | D:3      | Reached skill level 5 in Stealth
  1614 | D:3      | Reached XP level 4. HP: 23/28 MP: 4/4
  1616 | D:3      | Identified a scroll of acquirement
  1616 | D:3      | Acquired 668 gold pieces
  1705 | D:2      | Bought a scroll of teleportation for 36 gold pieces
  1705 | D:2      | Bought a scroll of teleportation for 36 gold pieces
  1705 | D:2      | Bought a scroll of immolation for 48 gold pieces
  1705 | D:2      | Bought a scroll of identify for 24 gold pieces
  1705 | D:2      | Bought a scroll of identify for 24 gold pieces
  1705 | D:2      | Bought a scroll of identify for 24 gold pieces
  1705 | D:2      | Bought a scroll of teleportation for 36 gold pieces
  1705 | D:2      | Bought a scroll of noise for 12 gold pieces
  1705 | D:2      | Bought a scroll of poison for 48 gold pieces
  1820 | D:3      | Reached skill level 1 in Throwing
  1953 | D:3      | Identified the +1 long sword "Killer Klown's Doom" {heavy,
                  | rC++ Dex+3}
  2389 | D:3      | Identified the +10 quarterstaff of the Vanishing Nights
                  | {drain, Fly rPois rC- Will+}
  2638 | D:4      | Noticed a scorpion
  2653 | D:4      | Killed a scorpion
  2654 | D:4      | Reached XP level 5. HP: 33/33 MP: 5/5
  2815 | D:4      | Noticed a phantom
  3223 | D:4      | Reached XP level 6. HP: 39/39 MP: 6/6
  3341 | D:5      | Entered Level 5 of the Dungeon
  4053 | D:5      | Found a staircase to the Ecumenical Temple.
  4065 | D:5      | Reached XP level 7. HP: 45/45 MP: 7/7
  4109 | Temple   | Entered the Ecumenical Temple
  4114 | Temple   | Became a worshipper of the Wu Jian Council
  4345 | D:5      | Noticed Blork the orc
  4365 | D:5      | Killed Blork the orc
  4871 | D:5      | Slain by a water moccasin

Illustrated notes

Levels and vault maps discovered:
D:1:      dpeg_arrival_rooms_b, layout_loops_ring, serial_shops,
          nicolae_shop_overgrown_old_shop
D:2:      layout_rooms, serial_shops, nicolae_shop_tiny_real_fake_doors
D:3:      kennysheep_goblin_castle, layout_basic,
          shapermc_ecumenical_altar_totnotflames, chequers_serial_rivers_room_b
D:4:      layout_loops_ring
D:5:      kennysheep_kobold_camp, layout_rooms, minmay_temple_entry_glass,
          uniq_blork_the_orc
D:6:      layout_rooms
Temple:   nicolae_temple_ecumenical_triangle

Skill      XL: |  1  2  3  4  5  6  7 |
---------------+----------------------+-----
Stealth        | 2 4 5 |  5.4
Throwing       | 2 3 |  3.6
Fighting       | 2 3 |  3.3
Unarmed Combat | 4 |  4.5
Shapeshifting  | 4 |  4.2
Dodging        | |  2.0

Action                     |  1- 3 |  4- 6 |  7- 9 || total
---------------------------+-------+-------+-------++-------
  Melee: Unarmed           |    60 |    95 |    64 ||   219
         Constrict         |    15 |    24 |    18 ||    57
         Tentacles         |     9 |    19 |    20 ||    48
         Punch             |     2 |     2 |     5 ||     9
  Throw: Dart              |       |    44 |    13 ||    57
Ability: Lunge             |       |       |     6 ||     6
    Use: Scroll            |     2 |    12 |     1 ||    15
   Stab: Sleeping          |    15 |     9 |       ||    24
 Armour: Skin              |    30 |    42 |    24 ||    96
  Dodge: Dodged            |    16 |    41 |    16 ||    73

Table legend: (Time is in decaauts)
 A = Elapsed time spent in this place.
 B = Non-inter-level travel time spent in this place.
 C = Inter-level travel time spent in this place.
 D = Time resting spent in this place.
 E = Time spent auto-exploring this place.
 F = Levels seen in this place.
 G = Mean time per level.
                   A        B        C        D        E       F      G
               +--------+--------+--------+--------+--------+-----+--------+
         Total |   4852 |   4343 |    509 |    630 |   2745 |   7 |  693.1 |
       Dungeon |   4841 |   4332 |    509 |    630 |   2745 |   6 |  806.8 |
        Temple |     10 |     10 |      0 |      0 |      0 |   1 |   10.0 |
               +--------+--------+--------+--------+--------+-----+--------+

Top non-repeatable levels by time:
     D:5: 1171 daAuts
     D:3: 1102 daAuts
     D:4: 1087 daAuts
     D:1: 933 daAuts
     D:2: 513 daAuts
     D:6: 32 daAuts
  Temple: 10 daAuts
